AoeStats
← Dazai

MegaRandom

506453233Analyzed
2v2 RM · 20d ago on Sep 13, 2026· 40m 48s· 4 players
Game mode
Random Map
Map size
Medium (4 player)
Population
200
Speed
Normal
Resources
Standard
Victory
Conquest
Starting age
Dark Age
Ending age
Imperial Age
RankedLock teamsTeams togetherTeam positionsShared explorationLock speedFull tech treeHidden civsTurbo modeCheats
Victory
Defeat
🇦🇷 Magyars · Argentina
1035
+16
🇦🇷 Malians · Argentina
1032
+16
🇬🇧 Bulgarians · United Kingdom
1055
-17
🇹🇼 Spanish · Taiwan
1010
-15
Dazai
6:26 Loom
9:50 Feudal Age
17:07 Padded Archer Armor
25:01 Castle Age
26:55 Scale Barding Armor
28:32 Bloodlines
34:03 Chain Barding Armor
34:13 Husbandry
PocholA!
0:56 Loom
13:10 Feudal Age
18:30 Castle Age
16:40 Stone Mining
16:42 Gold Mining
17:11 Double-Bit Axe
17:14 Horse Collar
18:56 Forging
19:30 Scale Mail Armor
21:57 Iron Casting
25:53 Gold Shaft Mining
28:01 Squires
28:33 Arson
31:05 Pikeman
41:22 Medium Warships
43:44 Imperial Age
Poonhound485
12:51 Feudal Age
13:57 Loom
16:53 Double-Bit Axe
17:12 Arson
19:21 Horse Collar
20:29 Scale Mail Armor
26:06 Castle Age
24:55 Forging
27:34 Fletching
29:19 Gold Mining
30:36 Bodkin Arrow
小藍
14:12 Feudal Age
14:35 Loom
14:47 Double-Bit Axe
15:59 Horse Collar
21:59 Castle Age
20:23 Town Watch
21:05 Bloodlines
22:28 Wheelbarrow
25:27 Hand Cart
26:31 Husbandry
27:46 Scale Barding Armor
27:52 Forging
28:39 Light Cavalry
31:52 Heavy Plow
Connection lost

Rejoining the realm…

Still unreachable

The connection could not be restored.

Session expired

The server has moved on; the page needs a fresh start.